 Dungeon Crawl Stone Soup version 0.29-a0-82-g837932c90e (webtiles) character file.

Game seed: 16317446784761691617

24435 lordive the Covert (level 12, -7/56 HPs)
             Began as a Spriggan Enchanter on Feb 5, 2022.
             Was a Believer of Okawaru.
             Mangled by Gastronok (35 damage)
             ... on level 2 of the Lair of Beasts.
             The game lasted 00:30:07 (15488 turns).

lordive the Covert (Spriggan Enchanter)            Turns: 15488, Time: 00:30:08

Health: -7/56      AC:  8    Str:  4    XL:     12   Next: 80%
Magic:  25/29      EV: 30    Int: 21    God:    Okawaru [**....]
Gold:   722        SH:  0    Dex: 22    Spells: 19/35 levels left

rFire   . . .      SeeInvis +   z - +3 dagger
rCold   . . .      Faith    .   (no shield)
rNeg    . . .      Spirit   .   G - +0 steam dragon scales
rPois   .          Reflect  .   (helmet restricted)
rElec   .          Harm     .   F - +2 cloak
rCorr   .          Rampage  .   (gloves unavailable)
Will    ++...                   (boots unavailable)
Stlth   ++++++....              i - amulet of the acrobat
HPRegen 0.18/turn               r - +4 ring of evasion
MPRegen 0.21/turn               C - +6 ring of dexterity

@: very quick
A: very small, no large weapons, unfitting armour, see invisible, speed 3
a: Renounce Religion, Heroism


You were on level 2 of the Lair of Beasts.
You worshipped Okawaru.
Okawaru was pleased with you.
You visited 3 branches of the dungeon, and saw 16 of its levels.

You collected 750 gold pieces.
You spent 28 gold pieces at shops.

Inventory:

Hand Weapons
 h - a +1 dagger of venom
 z - a +3 dagger (weapon)
 D - the +7 trident "Masiawoa" {speed, rF+ Dex+3}
   (You found it on level 6 of the Dungeon)

   Attacks with this weapon are significantly faster.
   Dex:       It affects your dexterity (+3).
   rF:        It protects you from fire.
 E - the +9 mace of Action {venom, rN+ Stlth+}
   (You found it on level 7 of the Dungeon)

   It poisons the flesh of those it strikes.
   rN:        It protects you from negative energy.
   Stlth:     It makes you more stealthy.
 P - the +2 trident of Licy {elec, MP+9 Dex+3 Stlth-}
   (You took it off a centaur on level 12 of the Dungeon)

   It occasionally discharges a powerful burst of electricity upon striking a
   foe.
   Dex:       It affects your dexterity (+3).
   MP:        It affects your magic capacity (+9).
   Stlth:     It makes you less stealthy.
Missiles
 J - 27 poisoned darts
 L - 2 throwing nets
Armour
 p - a +2 robe of cold resistance
 F - a +2 cloak (worn)
 G - +0 steam dragon scales (worn)
 K - a scarf of invisibility
 O - a +0 troll leather armour
 S - a +2 buckler
Jewellery
 i - an amulet of the acrobat (around neck)
 r - a +4 ring of evasion (left hand)
 C - a +6 ring of dexterity (right hand)
 I - an amulet of magic regeneration
Wands
 w - a wand of charming (7)
 B - a wand of iceblast (6)
 R - a wand of flame (5)
Scrolls
 d - 7 scrolls of identify
 f - 5 scrolls of enchant weapon {unknown}
 k - 3 scrolls of fog {unknown}
 l - 9 scrolls of teleportation {unknown}
 q - 3 scrolls of holy word {unknown}
 t - 4 scrolls of immolation {unknown}
 u - 2 scrolls of enchant armour {unknown}
 y - a scroll of magic mapping {unknown}
 A - a scroll of summoning {unknown}
 H - a scroll of brand weapon {unknown}
 M - a scroll of fear {unknown}
Potions
 a - 3 potions of brilliance
 b - 3 potions of mutation
 c - 2 potions of invisibility
 e - 2 potions of attraction
 g - 3 potions of haste
 j - 3 potions of berserk rage
 m - 2 potions of lignification
 n - a potion of cancellation
 o - 5 potions of curing
 s - a potion of resistance {unknown}
 v - 4 potions of might
 x - a potion of experience {unknown}
 N - 4 potions of heal wounds {unknown}
 Q - a potion of ambrosia {unknown}
 T - 2 potions of magic {unknown}


   Skills:
 * Level 3.3 Fighting
 * Level 8.5 Short Blades
 * Level 1.0 Armour
 * Level 9.6 Dodging
 + Level 14.2 Stealth
 * Level 0.8 Shields
 * Level 12.1 Spellcasting
 * Level 12.2 Hexes
 * Level 9.6 Translocations
 + Level 4.2 Ice Magic
 * Level 2.0 Invocations


You had 19 spell levels left.
You knew the following spells:

 Your Spells              Type           Power      Damage    Failure   Level
a - Ensorcelled Hibernat  Hex/Ice        94%        N/A       1%          2
b - Confusing Touch       Hex            59%        N/A       1%          3
c - Tukima's Dance        Hex            59%        N/A       1%          3
d - Dazzling Flash        Conj/Hex       76%        N/A       1%          3
e - Manifold Assault      Tloc           52%        N/A       2%          5

Your spell library contained the following spells:

 Spells                   Type           Power      Damage    Failure   Level
 Blink                    Tloc           100%       N/A       1%          2
 Inner Flame              Hex/Fire       38%        N/A       1%          3
 Foxfire                  Conj/Fire      48%        2x1d6     5%          1
 Sublimation of Blood     Necr           12%        N/A       8%          2
 Conjure Flame            Conj/Fire      12%        6-21      16%         3
 Ignite Poison            Fire/Tmut/Pois 12%        N/A       16%         3
 Mephitic Cloud           Conj/Pois/Air  12%        N/A       16%         3
 Stone Arrow              Conj/Erth      24%        3d8       16%         3
 Flame Wave               Conj/Fire      12%        2d6       45%         4
 Petrify                  Tmut/Erth      12%        N/A       45%         4
 Freezing Cloud           Conj/Ice/Air   9%         6-21      63%         5
 Blade Hands              Tmut           6%         N/A       82%         5
 Irradiate                Conj/Tmut      6%         3d15      82%         5
 Iron Shot                Conj/Erth      6%         9d2       100%        6
 Storm Form               Tmut/Air       6%         N/A       100%        7
 Lehudib's Crystal Spear  Conj/Erth      6%         10d3      100%        8
 Summon Guardian Golem    Hex/Summ       Unusable   N/A       N/A         3
 Summon Small Mammal      Summ           Unusable   N/A       N/A         1
 Call Canine Familiar     Summ           Unusable   N/A       N/A         3
 Animate Armour           Summ/Erth      Unusable   N/A       N/A         4

Dungeon Overview and Level Annotations

Branches:
Dungeon (13/15)            Temple (1/1) D:7            Lair (2/6) D:9
 Spider (0/4) Lair:2          Orc (0/2) D:12
  Swamp: Lair:2-4    Shoals: Lair:2-4    Vaults: D:13-14

Altars:
Ashenzari
Cheibriados
Dithmenos
Elyvilon
Fedhas
Gozag
Hepliaklqana
Kikubaaqudgha
Makhleb
Nemelex Xobeh
Okawaru
Qazlal
Ru
Sif Muna
Trog
Uskayaw
Vehumet
Wu Jian
Xom
Yredelemnul
Zin
The Shining One

Shops:
D:6 *?

Annotations:
Lair:2 2 transporters, Gastronok; bobojojo's ghost, journeyman MiFi


Innate Abilities, Weirdness & Mutations

You are very small and have problems with some larger weapons.
You are too small for most types of armour.
You have supernaturally acute eyesight. (SInv)
You cover ground extremely quickly. (Speed+++)


Message History

You see here a bullfrog corpse.
Gastronok the Ponderous comes into view.
He is wearing a +2 hat of stealth.
Gastronok is nearby!
Gastronok is nearby!
Gastronok is nearby!
The helpless Gastronok fails to defend himself.
You spit Gastronok like a pig!!!!
Gastronok is severely wounded.
Casting: Ensorcelled Hibernation (safe; 1% risk of failure)
Confirm with . or Enter, or press ? or * to list all spells.
Aiming: Ensorcelled Hibernation (safe; 1% risk of failure)
Press: ? - help, Shift-Dir - straight line, f - Gastronok
Aim: Gastronok, wearing a +2 hat of stealth (severely wounded, chance to affect: 20%) Gastronok resists with almost no effort.
Casting: Ensorcelled Hibernation (safe; 1% risk of failure)
Confirm with . or Enter, or press ? or * to list all spells.
Your hands begin to glow red.
Gastronok is buffeted by a sudden breeze.
Gastronok waves his eye-stalks in wide circles.
The air twists around and strikes you!!
Ouch! That really hurt!
You are too injured to fight recklessly!
You are too injured to fight recklessly!
You are too injured to fight recklessly!
Unknown command.
You hit Gastronok but do no damage.
Gastronok is severely wounded.
You hit Gastronok but do no damage. You punch Gastronok.
Gastronok is severely wounded.
You hit Gastronok but do no damage.
Gastronok appears confused.
Gastronok is severely wounded.
You hit Gastronok but do no damage.
Gastronok is severely wounded.
You hit Gastronok.
Gastronok is severely wounded.
You hit Gastronok but do no damage.
Gastronok is severely wounded.
Gastronok bites you!!
Ouch! That really hurt!
You die...

# ##.......# ## ###
##.......##
P####.###P.#......#
....(.............#
..................#
..................#
........##.####...#
........#### ##...#
.........# #..@w#
........## ##P..#
........P# #...P#
............ ....##
..##.......# #....P
.......+...#
#P...##
.......#...# #....#
..........## #....#
.#.....P..


You could see Gastronok (confused).

Vanquished Creatures
  Snorg (D:12)
  A boulder beetle (D:11)
  A hydra (Lair:1)
  4 two-headed ogres
  An orb spider (Lair:2)
  Pikel (D:6)
  2 manticores
  Joseph (D:7)
  A gargoyle (D:11)
  4 cane toads
  2 kobold demonologists (D:10)
  2 komodo dragons (Lair:1)
  3 slime creatures (D:12)
  5 trolls
  3 hornets
  4 blink frogs (Lair:2)
  A meliai zombie (D:11)
  Sigmund (D:3)
  23 yaks
  A shadow (D:9)
  2 wyverns
  3 wraiths
  A steam dragon (D:8)
  2 vampire mosquitoes (D:11)
  2 acid dragons (D:12)
  8 water moccasins
  2 black bears
  An ice beast (D:7)
  4 orc warriors
  4 necrophages
  4 ogres
  4 wolves (Lair:2)
  14 centaurs
  A lemure (D:6)
  A phantom (D:4)
  2 kobold brigands (D:10)
  7 bullfrogs
  A gnoll sergeant (D:10)
  2 scorpions
  A wyvern zombie (D:8)
  A water moccasin zombie (D:7)
  A wyvern skeleton (D:7)
  5 killer bees
  A wight (D:11)
  3 howler monkeys (D:7)
  An electric eel (D:10)
  7 centaur zombies
  4 hounds
  2 jellies (D:6)
  A bullfrog skeleton (D:5)
  Crazy Yiuf (D:7)
  5 orc priests
  2 centaur skeletons
  5 iguanas
  8 orc wizards
  2 killer bee zombies
  A hound skeleton (D:4)
  2 mummies (D:11)
  5 gnolls
  9 adders
  2 white imps
  An ufetubus (D:4)
  A worm (D:3)
  19 orcs
  An endoplasm (D:2)
  2 giant cockroaches (D:2)
  6 hobgoblins
  A quokka (D:3)
  5 ball pythons
  5 bats
  3 frilled lizards
  3 goblins (D:2)
  10 kobolds
  2 rats
255 creatures vanquished.

Vanquished Creatures (others)
  A dancing weapon (D:5)
  An orc (D:10)
  27 fungi
  23 plants
  A withered plant (D:11)
53 creatures vanquished.

Grand Total: 308 creatures vanquished

Notes
Turn   | Place    | Note
-------+----------+-------------------------------------------
     0 | D:1      | lordive the Spriggan Enchanter began the quest for the Orb.
     0 | D:1      | Reached XP level 1. HP: 9/9 MP: 5/5
   427 | D:1      | Reached XP level 2. HP: 13/13 MP: 6/6
   958 | D:2      | Learned a level 2 spell: Ensorcelled Hibernation
   976 | D:2      | Found a faded altar of an unknown god.
  1240 | D:2      | Reached XP level 3. HP: 16/16 MP: 5/8
  2142 | D:2      | Reached XP level 4. HP: 10/21 MP: 0/9
  2654 | D:3      | Reached skill level 5 in Hexes
  2867 | D:3      | Noticed Sigmund
  2933 | D:4      | Learned a level 3 spell: Confusing Touch
  3049 | D:3      | Killed Sigmund
  3050 | D:3      | Reached skill level 5 in Stealth
  3050 | D:3      | Reached XP level 5. HP: 24/24 MP: 7/12
  3050 | D:3      | Reached XP level 6. HP: 28/28 MP: 7/13
  3300 | D:3      | Found a bloodstained altar of Trog.
  3301 | D:3      | Found an iron altar of Okawaru.
  3579 | D:4      | Reached skill level 6 in Stealth
  3579 | D:4      | Reached XP level 7. HP: 31/32 MP: 5/15
  3856 | D:4      | Reached skill level 5 in Spellcasting
  3856 | D:4      | Reached skill level 1 in Ice Magic
  4421 | D:5      | Entered Level 5 of the Dungeon
  4632 | D:5      | Learned a level 3 spell: Tukima's Dance
  4636 | D:5      | Learned a level 3 spell: Dazzling Flash
  4642 | D:5      | Learned a level 5 spell: Manifold Assault
  5077 | D:5      | Reached skill level 7 in Stealth
  5077 | D:5      | Reached skill level 1 in Translocations
  5451 | D:5      | Noticed a troll
  5473 | D:5      | Killed a troll
  5474 | D:5      | Reached skill level 5 in Dodging
  5474 | D:5      | Reached XP level 8. HP: 24/37 MP: 10/17
  5891 | D:6      | Found a hide-covered altar of Uskayaw.
  5891 | D:6      | Found a burning altar of Makhleb.
  5899 | D:6      | Found an opulent altar of Gozag.
  5915 | D:6      | Found a sacrificial altar of Ru.
  5918 | D:6      | Found a blossoming altar of Fedhas.
  5930 | D:6      | Reached skill level 1 in Fighting
  5997 | D:6      | Found a radiant altar of Vehumet.
  6020 | D:6      | Noticed Pikel
  6033 | D:6      | Killed Pikel
  6034 | D:6      | Reached skill level 8 in Stealth
  6230 | D:6      | Reached XP level 9. HP: 42/42 MP: 15/20
  6274 | D:6      | Found a glowing golden altar of the Shining One.
  6353 | D:6      | Found Idaesk's Magic Scroll Shoppe.
  6373 | D:6      | Bought a scroll of identify for 28 gold pieces
  6419 | D:6      | Reached skill level 5 in Short Blades
  6499 | D:6      | Identified the +7 trident "Masiawoa" {speed, rF+ Dex+3}
  6790 | D:6      | Found Tiuwke's Gadget Gallery.
  6993 | D:7      | Noticed Joseph
  7011 | D:7      | Reached skill level 9 in Stealth
  7015 | D:7      | Killed Joseph
  7031 | D:7      | Identified the +9 mace of Action {venom, rN+ Stlth+}
  7085 | D:7      | Found a runed translucent door.
  7086 | D:7      | Noticed Crazy Yiuf
  7095 | D:7      | Killed Crazy Yiuf
  7240 | D:7      | Reached skill level 5 in Translocations
  7501 | D:7      | Found a staircase to the Ecumenical Temple.
  8121 | D:8      | Reached skill level 10 in Stealth
  8337 | Temple   | Entered the Ecumenical Temple
  8959 | D:8      | Found a hazy altar of Hepliaklqana.
  9064 | D:9      | Noticed a two-headed ogre
  9077 | D:9      | Killed a two-headed ogre
  9078 | D:9      | Reached XP level 10. HP: 26/46 MP: 17/23
  9132 | D:9      | Reached skill level 11 in Stealth
  9363 | D:9      | Found a staircase to the Lair.
 10067 | D:10     | Entered Level 10 of the Dungeon
 10083 | D:10     | Reached skill level 10 in Hexes
 10304 | D:10     | Noticed a soul eater
 10319 | D:10     | Reached XP level 11. HP: 43/50 MP: 6/25
 10694 | D:10     | Found a sparkling altar of Nemelex Xobeh.
 11054 | D:10     | Found a shadowy altar of Dithmenos.
 11057 | D:10     | Found a stormy altar of Qazlal.
 11285 | D:10     | Reached skill level 12 in Stealth
 11285 | D:10     | Reached skill level 10 in Spellcasting
 11883 | D:11     | Noticed a two-headed ogre
 11906 | D:11     | Killed a two-headed ogre
 12695 | D:11     | Noticed a boulder beetle
 12711 | D:11     | Killed a boulder beetle
 12784 | D:11     | Reached skill level 13 in Stealth
 12932 | D:12     | Noticed a two-headed ogre
 13054 | D:11     | Killed a two-headed ogre
 13105 | D:12     | Reached XP level 12. HP: 34/54 MP: 23/28
 13116 | D:12     | Identified the +2 trident of Licy {elec, MP+9 Dex+3 Stlth-}
 13188 | D:12     | Noticed Snorg
 13306 | D:12     | Noticed a two-headed ogre
 13312 | D:12     | Killed a two-headed ogre
 13321 | D:12     | Killed Snorg
 13611 | D:12     | Found a staircase to the Orcish Mines.
 13972 | D:3      | Became a worshipper of Warmaster Okawaru
 14084 | Lair:1   | Entered Level 1 of the Lair of Beasts
 14111 | Lair:1   | Noticed a six-headed hydra
 14195 | Lair:1   | Killed a six-headed hydra
 14369 | Lair:1   | Reached * piety under Okawaru
 14370 | Lair:1   | Reached skill level 1 in Invocations
 14821 | Lair:2   | Reached skill level 14 in Stealth
 14860 | Lair:2   | Reached ** piety under Okawaru
 15164 | Lair:2   | Found a hole to the Spider Nest.
 15242 | Lair:2   | Found a transporter.
 15247 | Lair:2   | Found a transporter.
 15247 | Lair:2   | Noticed bobojojo's ghost (journeyman MiFi)
 15320 | Lair:2   | Reached skill level 1 in Armour
 15473 | Lair:2   | Noticed Gastronok
 15488 | Lair:2   | Mangled by Gastronok

Illustrated notes

Levels and vault maps discovered:
D:1:      scummos_arrival_forest, layout_loops_ring, skrybe_limestone_x
D:2:      layout_loops_corners, shapermc_ecumenical_altar_venn,
          dk_noncrumbling_2, minmay_tall_x
D:3:      layout_rooms, grunt_temple_overflow_bloody_war, uniq_sigmund
D:4:      layout_basic
D:5:      kennysheep_big_flooded_room, layout_loops_ring,
          serial_co_window_serial, co_window_paths_a, co_window_paths_a,
          co_window_of_opportunity_a, co_window_of_opportunity_a,
          co_window_paths_a, co_window_broadway_c, co_window_2corner,
          co_window_broadway_c, co_window_unsneaky_path_d, co_window_corner_ca,
          co_window_of_opportunity_b, glass_columns_a,
          chequers_serial_rivers_micro_b
D:6:      layout_basic, nicolae_overflow_hallway_of_the_gods,
          nicolae_tso_swordbearing_angel, serial_shops,
          nicolae_shop_advertising_works [nicolae_subvault_shop_adworks],
          minivault_10, nicolae_shop_gadgets, uniq_pikel
D:7:      layout_loops_ring, minmay_temple_entry_from_below_b, uniq_joseph,
          uniq_crazy_yiuf_cottage
D:8:      layout_loops_ring, worldfamousw_hep_ancestral_shrine
D:9:      layout_cave_pools, due_lair_maze_entry_diamond
D:10:     layout_roguey, amcnicky_altar_gilded, nicolae_overflow_squiral,
          lemuel_old_faithful
D:11:     layout_basic, serial_undead, serial_undead_a, serial_undead_f,
          serial_undead_c, serial_undead_f, st_stairs_3
D:12:     layout_basic, orc_0_dummy, uniq_snorg
D:13:     layout_long_grid, david_vaults_2, gammafunk_ghost_berserking_beasts
Temple:   dpeg_three_leaves_temple
Lair:1:   layout_misc_corridors, amcnicky_mini_pool_medium
Lair:2:   layout_chaotic_city, nicolae_spider_entry_orb_guardian,
          gammafunk_ghost_hive, uniq_nergalle, uniq_gastronok

Skill      XL: |  1  2  3  4  5  6  7  8  9 10 11 12 |
---------------+-------------------------------------+-----
Dodging        | 3 4 5 7 8 9 |  9.6
Short Blades   | 2 3 4 5 6 7 8 |  8.5
Hexes          | 4 5 6 7 9 10 11 12 | 12.2
Spellcasting   | 3 4 5 6 8 9 11 12 | 12.1
Stealth        | 5 6 7 8 10 11 13 14 | 14.2
Ice Magic      | 1 2 3 4 |  4.2
Translocations | 2 4 6 7 8 9 |  9.6
Fighting       | 1 2 3 |  3.3
Invocations    | 2 |  2.0
Armour         | 1 |  1.0
Shields        | |  0.8

Action                   |  1- 3 |  4- 6 |  7- 9 | 10-12 || total
-------------------------+-------+-------+-------+-------++-------
Melee: Dagger            |    75 |    62 |   157 |   270 ||   564
       Punch             |       |     2 |     2 |     4 ||     8
 Cast: Ensorcelled Hiber |    22 |    23 |    52 |   190 ||   287
       Confusing Touch   |       |     3 |    18 |    24 ||    45
       Tukima's Dance    |       |       |     1 |       ||     1
  Use: Scroll            |       |       |     8 |       ||     8
 Stab: Sleeping          |    18 |    14 |    51 |   116 ||   199
       Confused          |       |     4 |    15 |    31 ||    50
       Distracted        |       |       |     1 |       ||     1
Armor: Robe              |     1 |     6 |     7 |       ||    14
       Steam dragon scal |       |       |       |    27 ||    27
Dodge: Dodged            |    63 |    61 |    94 |   324 ||   542

Table legend: (Time is in decaauts)
 A = Elapsed time spent in this place.
 B = Non-inter-level travel time spent in this place.
 C = Inter-level travel time spent in this place.
 D = Time resting spent in this place.
 E = Time spent auto-exploring this place.
 F = Levels seen in this place.
 G = Mean time per level.
                   A        B        C        D        E       F      G
               +--------+--------+--------+--------+--------+-----+--------+
         Total |  11722 |  11108 |    614 |    690 |   8529 |  16 |  732.6 |
       Dungeon |  10648 |  10053 |    595 |    690 |   7702 |  13 |  819.1 |
        Temple |     49 |     40 |      9 |      0 |     34 |   1 |   49.0 |
          Lair |   1024 |   1015 |      9 |      0 |    792 |   2 |  512.0 |
               +--------+--------+--------+--------+--------+-----+--------+

Top non-repeatable levels by time:
    D:10: 1295 daAuts
     D:2: 1192 daAuts
    D:11: 1140 daAuts
     D:4: 1005 daAuts
     D:5: 996 daAuts
     D:6: 950 daAuts
     D:7: 825 daAuts
     D:9: 748 daAuts
     D:8: 723 daAuts
     D:1: 699 daAuts
     D:3: 609 daAuts
  Lair:2: 548 daAuts
  Lair:1: 476 daAuts
    D:12: 438 daAuts
  Temple: 49 daAuts
